 Dungeon Crawl Stone Soup version 0.28.0-53-g5a82cb258f (webtiles) character file.

Game seed: 9616762071096250774

443 styxcanada the Covert (level 6, -7/32 HPs)
             Began as a Spriggan Brigand on June 12, 2022.
             Mangled by Blork the orc
             ... wielding a +2 dire flail of protection
              (13 damage)
             ... on level 5 of the Dungeon.
             The game lasted 00:14:17 (4035 turns).

styxcanada the Covert (Spriggan Brigand)            Turns: 4035, Time: 00:14:18

Health: -7/32      AC:  4    Str:  7    XL:     6   Next: 71%
Magic:  0/7        EV: 19    Int: 12    God:
Gold:   265        SH:  0    Dex: 19    Spells: 5/5 levels left

rFire   . . .      SeeInvis +   s - +2 short sword (vamp)
rCold   + . .      Faith    .   (no shield)
rNeg    . . .      Spirit   +   b - +0 robe
rPois   .          Reflect  .   (helmet restricted)
rElec   .          Harm     .   c - +1 cloak
rCorr   .          Rampage  .   (gloves unavailable)
Will    +....                   (boots unavailable)
Stlth   ++++......              t - amulet of guardian spirit
HPRegen 0.10/turn               o - ring of protection from cold
MPRegen 0.10/turn               (no ring)

@: very quick
A: very small, no large weapons, unfitting armour, see invisible, speed 3
a: no special abilities


You were on level 5 of the Dungeon.
You visited 1 branch of the dungeon, and saw 5 of its levels.

You collected 265 gold pieces.

Inventory:

Hand Weapons
 a - a +2 dagger
 s - a +2 vampiric short sword (weapon)
 u - a +0 vorpal hunting sling
Missiles
 d - 10 poisoned darts (quivered)
 e - 2 curare-tipped darts
 i - 147 stones
 j - 25 sling bullets
 n - 5 boomerangs
Armour
 b - a +0 robe (worn)
 c - a +1 cloak (worn)
Jewellery
 g - a ring of fire
 o - a ring of protection from cold (left hand)
 t - an amulet of guardian spirit (around neck)
Scrolls
 f - 3 scrolls of identify
 h - a scroll of enchant armour
 m - a scroll of torment {unknown}
 p - a scroll of enchant weapon {unknown}
 r - a scroll of magic mapping {unknown}
 v - a scroll of acquirement {unknown}
Potions
 k - a potion of brilliance {unknown}
 l - a potion of haste
 q - a potion of resistance


   Skills:
 * Level 2.9 Fighting
 + Level 3.3 Short Blades
 + Level 0.4(2.0) Slings
 + Level 2.5 Throwing
 * Level 3.9 Dodging
 * Level 9.4 Stealth


You had 5 spell levels left.
You didn't know any spells.
Your spell library contained the following spells:

 Spells                   Type           Power      Damage    Failure   Level
 Animate Skeleton         Necr           0%         N/A       32%         1
 Pain                     Necr           0%         1d4       32%         1
 Vampiric Draining        Necr           0%         2d6       69%         3
 Summon Lightning Spire   Summ/Air       0%         N/A       97%         4
 Storm Form               Tmut/Air       0%         N/A       100%        7
 Maxwell's Capacitive Co  Air            0%         ∞         100%        8


Dungeon Overview and Level Annotations

Branches:
Dungeon (5/15)             Temple (0/1) D:4

Altars:
Cheibriados
Zin

Shops:
D:5 =

Annotations:
D:5 Blork the orc


Innate Abilities, Weirdness & Mutations

You are very small and have problems with some larger weapons.
You are too small for most types of armour.
You have supernaturally acute eyesight. (SInv)
You cover ground extremely quickly. (Speed+++)


Message History

Blork the orc mumbles some strange words.
Blork the orc seems to speed up.
Blork the orc drinks a potion.
Blork the orc is healed!
Blork the orc looks more healthy.
Blork the orc barely misses you.
You hit Blork the orc but do no damage.
Blork the orc is lightly wounded.
Blork the orc misses you.
You closely miss Blork the orc.
Blork the orc is lightly wounded.
Blork the orc misses you. Blork the orc completely misses you.
You hit Blork the orc but do no damage.
Blork the orc is lightly wounded.
Blork the orc gestures at you while chanting.
The magic dart hits you.
You hit Blork the orc but do no damage.
Blork the orc is lightly wounded.
Blork the orc points at you and mumbles some strange words.
The puff of flame hits you!
You hit Blork the orc but do no damage.
Blork the orc is lightly wounded.
Blork the orc casts a spell at you. The puff of frost hits you. You resist.
You closely miss Blork the orc.
Blork the orc is lightly wounded.
Blork the orc barely misses you.
Blork the orc hits you with a +2 dire flail of protection!
You hit Blork the orc.
You feel better.
Blork the orc is lightly wounded.
Blork the orc points at you and mumbles some strange words.
The puff of flame misses you.
You hit Blork the orc.
You feel better.
Blork the orc is lightly wounded.
Blork the orc hits you with a +2 dire flail of protection!
* * * LOW HITPOINT WARNING * * *
Blork the orc hits you with a +2 dire flail of protection.
* * * LOW HITPOINT WARNING * * *
You closely miss Blork the orc.
Blork the orc is lightly wounded.
Blork the orc hits you with a +2 dire flail of protection!
You die...

..#.#........#
......#...#.# ....
#.#...#.#..### #...
#.#....∩.....# .
#...#.#...#.#..#.#
#.#...#.#..#...#.#.#
#...#.#.#........#.#
............###.##.#
..........@o..#.##.#
##.#.#.#.#.#.#.##.#
. #.#...#.####.#
#.#####.# #.#
#.##....# #.#
#......o# #.#
#.##....# #.#
#...#.#(# #.#
......#.# #.#


You could see Blork the orc (fast).

Vanquished Creatures
  An ogre (D:4)
  A necrophage (D:4)
  A phantom (D:5)
  2 orc priests (D:4)
  An orc wizard (D:4)
  2 adders (D:2)
  4 worms
  A dart slug (D:1)
  7 orcs
  6 ball pythons
  3 endoplasms
  3 giant cockroaches (D:1)
  11 goblins
  9 hobgoblins
  7 kobolds
  3 quokkas
  7 bats
  3 frilled lizards (D:1)
  6 rats
78 creatures vanquished.

Notes
Turn   | Place    | Note
-------+----------+-------------------------------------------
     0 | D:1      | styxcanada the Spriggan Brigand began the quest for the
                  | Orb.
     0 | D:1      | Reached XP level 1. HP: 10/10 MP: 2/2
    11 | D:1      | Reached skill level 6 in Stealth
    46 | D:1      | Reached XP level 2. HP: 15/15 MP: 3/3
   619 | D:1      | Reached XP level 3. HP: 18/18 MP: 4/4
   895 | D:2      | Reached skill level 7 in Stealth
  1367 | D:2      | Reached XP level 4. HP: 20/23 MP: 5/5
  2106 | D:3      | Found a faded altar of an unknown god.
  2574 | D:4      | Noticed an ogre
  2602 | D:4      | Killed an ogre
  2603 | D:4      | Reached skill level 8 in Stealth
  2603 | D:4      | Reached XP level 5. HP: 27/27 MP: 6/6
  2811 | D:4      | Noticed a necrophage
  2840 | D:4      | Killed a necrophage
  2841 | D:4      | Reached XP level 6. HP: 16/32 MP: 7/7
  3221 | D:4      | Reached skill level 9 in Stealth
  3648 | D:4      | Found a glowing silver altar of Zin.
  3650 | D:4      | Found a snail-covered altar of Cheibriados.
  3668 | D:4      | Found a staircase to the Ecumenical Temple.
  3704 | D:5      | Entered Level 5 of the Dungeon
  3974 | D:5      | Found Qiur's Jewellery Shop.
  3997 | D:5      | Noticed Blork the orc
  4035 | D:5      | Mangled by Blork the orc

Illustrated notes

Levels and vault maps discovered:
D:1:      erik_arrival_blinker_ship, layout_rooms
D:2:      layout_loops_ring, dk_noncrumbling_4, hangedman_decor_lopped,
          kennysheep_pointless_box, minmay_goblin_outpost
D:3:      layout_basic, shapermc_ecumenical_altar_starsandcircs,
          skrybe_limestone_x, interstate_on_off, minmay_hedge_maze,
          kennysheep_potato
D:4:      layout_basic, nicolae_overflow_hidden_temple,
          minmay_temple_entry_from_below_b
D:5:      layout_basic, serial_shops, nicolae_shop_stone, nicolae_stop_n_shop_2,
          nicolae_shop_advertising_works [nicolae_subvault_shop_adworks],
          nicolae_wormholes, uniq_blork_the_orc, uniq_crazy_yiuf_cottage,
          uniq_ijyb

Skill      XL: |  1  2  3  4  5  6 |
---------------+-------------------+-----
Stealth        | 6 7 8 9 |  9.4
Dodging        | 2 3 |  3.9
Fighting       | 2 |  2.9
Short Blades   | 3 |  3.3
Slings         | |  0.4
Throwing       | |  2.5

Action                   |  1- 3 |  4- 6 || total
-------------------------+-------+-------++-------
Melee: Dagger            |   122 |    93 ||   215
       Punch             |     1 |     2 ||     3
       Short sword       |       |    60 ||    60
 Fire: Hunting sling     |       |     8 ||     8
Throw: Dart              |    13 |    31 ||    44
  Use: Scroll            |       |     6 ||     6
 Stab: Sleeping          |    20 |    10 ||    30
Armor: Robe              |    15 |    11 ||    26
Dodge: Dodged            |    67 |   102 ||   169
